 Dungeon Crawl Stone Soup version 0.30-a0-1094-g860fb061e7 (webtiles) character file.

Game seed: 5989199540031881015

139 yokelz the Slasher (level 5, -2/39 HPs)
             Began as a Barachi Reaver on Apr 17, 2023.
             Was a Follower of Uskayaw.
             Slain by a gnoll
             ... wielding a +0 halberd
              (9 damage)
             ... on level 2 of the Dungeon.
             The game lasted 00:04:43 (1718 turns).

yokelz the Slasher (Barachi Reaver)                 Turns: 1718, Time: 00:04:48

Health: -2/39      AC:  9    Str: 13    XL:     5   Next: 22%
Magic:  4/8        EV:  9    Int: 14    God:    Uskayaw [*.....]
Gold:   163        SH:  0    Dex: 12    Spells: 7/8 levels left

rFire   . . .      SeeInvis .    o - +1 long sword (holy)
rCold   . . .      Faith    .    (no shield)
rNeg    + . .      Spirit   .    s - +0 scale mail
rPois   .          Reflect  .    (no helmet)
rElec   .          Rampage  .    (no cloak)
rCorr   .                        (no gloves)
Will    .....                    g - +2 pair of boots {Fly} Stlth
                                 (no amulet)
HPRegen 0.26/turn                n - ring of positive energy
MPRegen 0.11/turn                (no ring)

@: flying, slow
A: amphibious, slowness 1, strong legs 1, +LOS
a: Hop, Renounce Religion, Stomp


You were on level 2 of the Dungeon.
You worshipped Uskayaw.
Uskayaw was noncommittal.
You visited 1 branch of the dungeon, and saw 5 of its levels.

You collected 163 gold pieces.

Inventory:

Hand Weapons
 a - a +0 falchion
 o - a +1 long sword of holy wrath (weapon)
Missiles
 h - a throwing net
 q - 3 poisoned darts
 r - 3 boomerangs
Armour
 g - a +2 pair of boots of flying (worn)
 s - a +0 scale mail (worn)
Jewellery
 n - a ring of positive energy (left hand)
Scrolls
 b - a scroll of acquirement {unknown}
 d - 5 scrolls of identify {unknown}
 e - a scroll of poison {unknown}
 i - a scroll of immolation {unknown}
 k - a scroll of teleportation {unknown}
Potions
 c - a potion of haste {unknown}
 f - a potion of might {unknown}
 j - a potion of resistance {unknown}
 l - 2 potions of heal wounds {unknown}
 m - a potion of mutation {unknown}
 p - a potion of invisibility


   Skills:
 - Level 2.4 Fighting
 + Level 6.9 Long Blades
 - Level 2.1 Dodging
 - Level 2.1 Spellcasting
 - Level 3.2 Conjurations


You had 7 spell levels left.
You knew the following spells:

 Your Spells              Type           Power      Damage    Failure   Level
a - Kiss of Death         Conj/Necr      24%        2d7       52%         1

Your spell library contained the following spells:

 Spells                   Type           Power      Damage    Failure   Level
 Momentum Strike          Conj/Tloc      12%        3d8       65%         2
 Necrotise                Necr           4%         1d4       75%         1
 Hailstorm                Conj/Ice       6%         3d4       87%         3
 Vampiric Draining        Necr           1%         2d6       98%         3
 Leda's Liquefaction      Hex/Erth       0%         N/A       100%        4
 Agony                    Necr           1%         N/A       100%        5
 Lee's Rapid Deconstruct  Erth           0%         3d4*      100%        5
 Statue Form              Tmut/Erth      0%         N/A       100%        6


Dungeon Overview and Level Annotations

Branches:
Dungeon (5/15)
 Temple: D:4-7

Altars:
Uskayaw


Innate Abilities, Weirdness & Mutations

You are amphibious.
You cover ground slowly.
You can hop short distances.
You have an extended range of vision and can be seen from far away.


Message History

The gnoll is heavily wounded.
The gnoll barely misses you.
You barely miss the gnoll.
The gnoll is heavily wounded.
The gnoll barely misses you. The gnoll hits you with a +0 halberd!
You hit the gnoll.
The gnoll is almost dead.
The gnoll hits you with a +0 club.
A gnoll comes into view. It is wielding a +0 spear.
The gnoll closely misses you.
You barely miss the gnoll.
The gnoll is almost dead.
The gnoll misses you. The gnoll barely misses you. x2
You barely miss the gnoll.
The gnoll is almost dead.
The gnoll closely misses you.
The gnoll hits you from afar with a +0 spear.
The gnoll hits you with a +0 halberd.
* * * LOW HITPOINT WARNING * * *
You hit the gnoll.
You kill the gnoll!
The gnoll closely misses you. The gnoll barely misses you.
You can now pass through a line of other dancers.
Okay, then.
The gnoll hits you from afar with a +0 spear.
* * * LOW HITPOINT WARNING * * *
The gnoll hits you with a +0 club.
* * * LOW HITPOINT WARNING * * *
Aiming: Line Pass
Press: ? - help, Dir - move target, f - gnoll
Aim: a gnoll, wielding a +0 spear You can't stand on top of the monster!
Aiming: Line Pass
Press: ? - help, Dir - move target, p - gnoll The gnoll appears confused. x2
An endoplasm comes into view.
You can no longer pass through a line of other dancers.
The endoplasm quivers.
The gnoll hits you from afar with a +0 halberd!
You die...

... . ..# #.## ##. ##
## #.# ##.## ##.. #.#
##.###.#. #.#
#..#.... ###?#
##.#..... #
#...######.#..####
#.##. #g#.......###.#
#.....#g#..#####.#..#
#Jg.@#....# ##.#.####
......#######.#
###...). ###.# .#
#.###. #. # #.....
#####. #. #. #. #.


You could see 3 gnolls and an endoplasm.

Vanquished Creatures
  An iguana (D:4)
  2 gnolls
  3 adders
  4 dart slugs
  2 orcs
  3 bats
  8 endoplasms
  2 giant cockroaches (D:3)
  3 hobgoblins
  3 kobolds
  4 quokkas
  7 ball pythons
  7 frilled lizards
  4 goblins
  7 rats
60 creatures vanquished.

Vanquished Creatures (others)
  8 plants (D:4)
8 creatures vanquished.

Grand Total: 68 creatures vanquished

Notes
Turn   | Place    | Note
-------+----------+-------------------------------------------
     0 | D:1      | yokelz the Barachi Reaver began the quest for the Orb.
     0 | D:1      | Reached XP level 1. HP: 17/17 MP: 3/3
    46 | D:1      | Reached skill level 4 in Long Blades
    74 | D:1      | Reached XP level 2. HP: 20/23 MP: 5/5
   417 | D:1      | Reached skill level 5 in Long Blades
   417 | D:1      | Reached XP level 3. HP: 25/28 MP: 6/6
   838 | D:3      | You are sucked into a shaft and drop 1 floor!
   904 | D:5      | Entered Level 5 of the Dungeon
   904 | D:5      | Noticed a scorpion
   944 | D:4      | Reached skill level 6 in Long Blades
   944 | D:4      | Reached XP level 4. HP: 34/34 MP: 7/7
  1088 | D:3      | Found a hide-covered altar of Uskayaw.
  1119 | D:3      | Became a worshipper of Uskayaw the Reveller
  1182 | D:3      | Reached * piety under Uskayaw
  1359 | D:2      | Reached XP level 5. HP: 39/39 MP: 8/8
  1715 | D:2      | Reached ** piety under Uskayaw
  1718 | D:2      | Slain by a gnoll

Illustrated notes

Levels and vault maps discovered:
D:1:      lightli_arrival_chessboard, layout_loops_ring
D:2:      layout_loops_ring, hangedman_decor_clover_reticule,
          grunt_ministairs_9, minmay_misc_feat_doors, grunt_decor_fettered
D:3:      layout_basic, nicolae_uskayaw_dance_hall, serial_shops, shop,
          shapermc_ecumenical_altar_mp_ritualfount, minmay_misc_feat_rows
D:4:      layout_cave_pods, lemuel_zombie_altar_yredelemnul, minmay_lizard_king
D:5:      layout_loops_ring, nicolae_ashenzari_panopticon

Skill      XL: |  1  2  3 |
---------------+----------+-----
Long Blades    | 4 5 6 |  6.9
Fighting       | |  2.4
Dodging        | |  2.1
Spellcasting   | |  2.1
Conjurations   | |  3.2

Action                     |  1- 3 |  4- 6 || total
---------------------------+-------+-------++-------
  Melee: Falchion          |    91 |       ||    91
         Punch             |     3 |       ||     3
         Long sword        |    26 |    80 ||   106
 Invoke: Line Pass         |       |     1 ||     1
Ability: Hop               |     1 |     1 ||     2
    Use: Potion            |       |     1 ||     1
   Stab: Sleeping          |     1 |       ||     1
         Invisible         |       |     1 ||     1
 Armour: Leather armour    |    49 |    20 ||    69
         Skin              |       |     1 ||     1
         Scale mail        |       |     7 ||     7
  Dodge: Dodged            |    69 |    52 ||   121

Table legend: (Time is in decaauts)
 A = Elapsed time spent in this place.
 B = Non-inter-level travel time spent in this place.
 C = Inter-level travel time spent in this place.
 D = Time resting spent in this place.
 E = Time spent auto-exploring this place.
 F = Levels seen in this place.
 G = Mean time per level.
                   A        B        C        D        E       F      G
               +--------+--------+--------+--------+--------+-----+--------+
         Total |   1953 |   1953 |      0 |    190 |   1161 |   5 |  390.6 |
       Dungeon |   1953 |   1953 |      0 |    190 |   1161 |   5 |  390.6 |
               +--------+--------+--------+--------+--------+-----+--------+

Top non-repeatable levels by time:
     D:1: 808 daAuts
     D:2: 717 daAuts
     D:3: 262 daAuts
     D:4: 163 daAuts
     D:5: 1 daAuts
